 Dungeon Crawl Stone Soup version 0.27.1 (webtiles) character file.

Game seed: 3139051529623960714

6 Descartes the Sneak (level 1, 0/10 HPs)
             Began as a Felid Delver on Sept 2, 2021.
             Frozen to death by an endoplasm (5 damage)
             ... on level 3 of the Dungeon.
             The game lasted 00:02:20 (680 turns).

Descartes the Sneak (Felid Delver)                   Turns: 680, Time: 00:02:21

Health: 0/10       AC:  1    Str:  8    XL:     1   Next: 75%
Magic:  2/2        EV: 18    Int: 11    God:
Gold:   8          SH:  0    Dex: 17    Spells: 0/0 levels left
                                        Lives:  0   Deaths: 0

rFire    . . .     SeeInvis +     - Unarmed
rCold    . . .     Faith    .   (shield unavailable)
rNeg     . . .     Spirit   .   (armour unavailable)
rPois    .         Reflect  .   (helmet unavailable)
rElec    .         Harm     .   (cloak unavailable)
rCorr    .         Rampage  .   (gloves unavailable)
Will     .....                  (boots unavailable)
Stlth    ++++......             (no amulet)
HPRegen  0.03/turn              (no ring)
MPRegen  0.08/turn              (no ring)

@: quick
A: very small, claws 1, fangs 3, see invisible, speed 1, shaggy fur 1, stealthy
paws, no weapons or thrown items, no armour, multi-lived
a: no special abilities


You were on level 3 of the Dungeon.
You visited 1 branch of the dungeon, and saw 3 of its levels.

You collected 8 gold pieces.

Inventory:

Wands
 e - a wand of digging (3)
Scrolls
 a - a scroll of fog
 b - a scroll of magic mapping
 c - a scroll of fear
 f - a scroll of blinking {unknown}
 g - a scroll of brand weapon {unknown}
 h - a scroll of teleportation {unknown}
Potions
 d - a potion of haste
 i - a potion of curing {unknown}


   Skills:
 - Level 3.0 Fighting
 + Level 3.0 Dodging
 + Level 6.7 Stealth
 + Level 2.2 Unarmed Combat


You couldn't memorise any spells.
You didn't know any spells.
Your spell library was empty.

Dungeon Overview and Level Annotations

Branches:
Dungeon (5/15)
 Temple: D:4-7

Altars:


Innate Abilities, Weirdness & Mutations

You have sharp claws.
You have razor-sharp teeth.
You have supernaturally acute eyesight. (SInv)
You cover ground quickly. (Speed+)
You are covered in fur. (AC +1)
Your paws help you pounce on unaware monsters.
You are incapable of wielding weapons or throwing items.
You cannot wear armour.
You gain extra lives every three experience levels.


Message History

You mangle the quokka!!
You kill the quokka!
You start resting.
HP restored.
You see here a quokka corpse.
You see here a +0 chain mail.
Found a stone staircase leading up.
There is a stone staircase leading up here.
You climb upwards.
Found a golden potion.
There is a stone staircase leading down here.
i - a golden potion A goblin comes into view.
It is wielding a +0 club.
The goblin completely misses you.
You scratch the goblin.
The goblin is moderately wounded.
You scratch the goblin.
You kill the goblin!
Your Dodging skill increases to level 3!
You see here a +0 club.
Found a gold piece.
Found a stone staircase leading up.
You now have 8 gold pieces (gained 1).
An endoplasm comes into view.
The endoplasm quivers.
You scratch the endoplasm but do no damage.
You bite the endoplasm.
The endoplasm is lightly wounded.
The endoplasm misses you.
You scratch the endoplasm.
The endoplasm is moderately wounded.
The endoplasm freezes you.
You are frozen.
Ouch! That really hurt!
You scratch the endoplasm.
The endoplasm is heavily wounded.
The endoplasm freezes you.
You are frozen.
Ouch! That really hurt!
You die...

### #..
#.# #.#
####.##
.....#
#.J.#
#.@.#
#..<#
#..###
#....#
##.#.#
###.#.#
#...# .
#.###
## #.#


You could see an endoplasm.

Vanquished Creatures
  An endoplasm (D:4)
  A quokka (D:4)
  3 ball pythons (D:4)
  A goblin (D:3)
6 creatures vanquished.

Notes
Turn   | Place    | Note
-------+----------+-------------------------------------------
     0 | D:5      | Descartes the Felid Delver began the quest for the Orb.
     0 | D:5      | Reached XP level 1. HP: 10/10 MP: 2/2
    27 | D:5      | Noticed a hound
    27 | D:5      | Noticed a howler monkey
   680 | D:3      | Frozen to death by an endoplasm

Illustrated notes

Levels and vault maps discovered:
D:3:      layout_basic, zin_treasury
D:4:      layout_basic
D:5:      layout_gridville, mainiacjoe_overflow_swirl, gammafunk_ghost_grave,
          nicolae_stop_n_shop_1, grunt_decor_clamped, uniq_blork_the_orc

Skill      XL: |  1 |
---------------+----+-----
Dodging        | 3 |  3.0
Fighting       | |  3.0
Stealth        | |  6.7
Unarmed Combat | |  2.2

Action                   || total
-------------------------++-------
Melee: Unarmed           ||    15
       Bite              ||     2
 Stab: Sleeping          ||     2
Dodge: Dodged            ||     7
